[Event "Late-Titled-Tuesday-Blitz-September-12-2023"]
[Site "Chess.com"]
[Date "2023.09.12"]
[Round "3"]
[White "CixPer1968"]
[Black "simplerXiao"]
[Result "0-1"]
[WhiteElo "2209"]
[BlackElo "2515"]
[TimeControl "180+1"]
[EndTime "14:26:36 PDT"]
[Termination "simplerXiao won by checkmate"]

1. d4 d5 2. c4 c6 3. Nf3 Nf6 4. Nc3 e6 5. e3 Nbd7 6. Qc2 Bd6 7. Bd3 O-O 8. e4 dxe4 9. Nxe4 Nxe4 10.
Bxe4 Nf6 11. Bd3 h6 12. O-O c5 13. dxc5 Bxc5 14. Rd1 Qc7 15. a3 a5 16. b3 e5 17. Nd2 Bg4 18. Re1 Rad8 19. Bb2 Rfe8 20. Ne4 Nxe4 21. Bxe4 Be6 22. Bxe5 Qb6 23. Bb2 Rf8 24.
Rad1 Rde8 25. Qc3 Bxf2+ 26. Kh1 f6 27. Rf1 Bc5 28. Bb1 Rd8 29. Qc2 f5 30. Rfe1 Bc8 31. Qc3 Qg6 32. Rf1 b6 33. b4 axb4 34. axb4 Bd6 35.
c5 bxc5 36. bxc5 Bc7 37. Ba2+ Kh8 38. Bb1 Bb7 39. Rxd8 Qxg2# 0-1

[Event "Late-Titled-Tuesday-Blitz-September-12-2023"]
[Site "Chess.com"]
[Date "2023.09.12"]
[Round "3"]
[White "Zkid"]
[Black "Macron20hTF1"]
[Result "1-0"]
[WhiteElo "2914"]
[BlackElo "2625"]
[TimeControl "180+1"]
[EndTime "14:26:37 PDT"]
[Termination "Zkid won by checkmate"]

1. e4 c6 2. d4 d5 3. exd5 cxd5 4.
Bd3 Nf6 5. c3 Bg4 6. Qb3 Qc7 7.
Ne2 Bxe2 8. Bxe2 e6 9. Nd2 Nc6 10. Nf3 Bd6 11. O-O O-O 12. Bg5 Ne4 13. Bh4 f5 14.
Bd3 Kh8 15. Rae1 h6 16. Bg3 f4 17. Bh4 g5 18. Bxe4 dxe4 19. Rxe4 gxh4 20. Rxe6 Be7 21. d5 Nd8 22. d6 Bxd6 23. Rxh6+ Kg7 24.
Rxh4 Rf6 25. Ng5 Nf7 26. Ne6+ Rxe6 27. Qxe6 Rh8 28. Rg4+ Kf8 29. Re1 Qc6 30. Rg6 f3 31. g3 Rh5 32. Qg4 Rh8 33. Qd4 Bc5 34. Qg7# 1-0

[Event "Late-Titled-Tuesday-Blitz-September-12-2023"]
[Site "Chess.com"]
[Date "2023.09.12"]
[Round "3"]
[White "santosalberto1987"]
[Black "Mbneu"]
[Result "1-0"]
[WhiteElo "2534"]
[BlackElo "2295"]
[TimeControl "180+1"]
[EndTime "14:26:37 PDT"]
[Termination "santosalberto1987 won by resignation"]

1. e4 c5 2. Nf3 d6 3. Bb5+ Bd7 4. Bxd7+ Nxd7 5. c4 g6 6. d4 Bg7 7. Nc3 Ngf6 8. O-O cxd4 9. Nxd4 O-O 10. b3 a6 11. Be3 Nc5 12. f3 Ne8 13. Rc1 Nc7 14. Qd2 N7e6 15. Nd5 Rb8 16. b4 Nd7 17. Nxe6 fxe6 18.
Nf4 Rf6 19. Rfd1 Ne5 20. c5 Bh6 21. Nd3 Bxe3+ 22. Qxe3 Nxd3 23. Rxd3 Qf8 24. cxd6 exd6 25. Qb6 d5 26. e5 Rf7 27. Qxe6 Qxb4 28. Qxd5 Re8 29. Rb3 Qf4 30. Re1 Re7 31. Rbe3 Kg7 32. e6 Rf5 33. Qd8 Qg5 34. Rd3 Kh6 35. Rd7 Rxe6 36.
Qxg5+ Kxg5 37. Rxe6 1-0

[Event "Late-Titled-Tuesday-Blitz-September-12-2023"]
[Site "Chess.com"]
[Date "2023.09.12"]
[Round "3"]
[White "only_strong_moves"]
[Black "AungTZ"]
[Result "0-1"]
[WhiteElo "2493"]
[BlackElo "2077"]
[TimeControl "180+1"]
[EndTime "14:26:38 PDT"]
[Termination "AungTZ won on time"]

1. d4 Nf6 2. Nc3 e6 3. e4 d5 4. Bd3 c5 5. exd5 Nxd5 6. Nge2 cxd4 7. Nxd4 Nxc3 8. bxc3 Be7 9. O-O O-O 10. Re1 Nc6 11. Nxc6 bxc6 12. Be3 c5 13. Rb1 Qc7 14. Qd2 Bb7 15. Bf4 Qc8 16. c4 Rd8 17. Qe3 Bf6 18. Bg5 Qc6 19. Qg3 Bxg5 20. Qxg5 Qc7 21. Rb5 Rac8 22.
Qh4 g6 23. Reb1 Ba8 24. Qg3 Qc6 25. Ra5 a6 26. Ra3 Rd4 27. h4 h5 28. Rab3 Rg4 0-1

[Event "Late-Titled-Tuesday-Blitz-September-12-2023"]
[Site "Chess.com"]
[Date "2023.09.12"]
[Round "3"]
[White "Lennis93"]
[Black "GMBenjaminBok"]
[Result "0-1"]
[WhiteElo "2713"]
[BlackElo "3030"]
[TimeControl "180+1"]
[EndTime "14:26:39 PDT"]
[Termination "GMBenjaminBok won by checkmate"]

1. Nf3 d5 2. g3 c6 3. Bg2 Bg4 4.
O-O Nd7 5. d4 e6 6. Nbd2 Ngf6 7.
c3 Be7 8. Qb3 Qb6 9. Re1 h6 10. e4 O-O 11. e5 Nh7 12. h3 Bf5 13. c4 Rfd8 14. Nf1 Qxb3 15. axb3 Bc2 16. Re3 dxc4 17. bxc4 Nb6 18. b3 a5 19. Ba3 Bxa3 20.
Rxa3 a4 21. N1d2 axb3 22. Raxb3 Bxb3 23. Rxb3 Na4 24. c5 Ng5 25. Rxb7 Nxf3+ 26. Nxf3 Nc3 27. Rc7 Ne2+ 28. Kh2 Nxd4 29. Nd2 Nb5 30. Rxc6 Rxd2 31. Rb6 Raa2 32. Rb8+ Kh7 33. Be4+ g6 34. Rxb5 Rxf2+ 35. Kg1 Rfe2 36. Bb1 Re1# 0-1

[Event "Late-Titled-Tuesday-Blitz-September-12-2023"]
[Site "Chess.com"]
[Date "2023.09.12"]
[Round "3"]
[White "bazar-wokzal"]
[Black "Roedor"]
[Result "1-0"]
[WhiteElo "2572"]
[BlackElo "2413"]
[TimeControl "180+1"]
[EndTime "14:26:39 PDT"]
[Termination "bazar-wokzal won on time"]

1. e4 e5 2. Bc4 Nc6 3. f4 Nf6 4.
Nc3 Nxe4 5. Nf3 Nd6 6. Bb3 e4 7. Ng5 Be7 8. Ncxe4 Bxg5 9. Nxd6+ cxd6 10. fxg5 Qxg5 11.
O-O O-O 12. d4 Qh4 13. c3 b6 14. Bf4 Ba6 15. Bg3 Qh6 16. Rf5 Rae8 17. Qf3 Be2 18. Qf2 Qg6 19. Re1 Na5 20. Bc2 Bc4 21. Rxe8 Rxe8 22. Re5 Rxe5 23. Bxg6 Re2 24. Bxf7+ Kh8 25. Qf4 Bxf7 26. Qxf7 h6 27. Bxd6 Nc6 28. d5 1-0

[Event "Late-Titled-Tuesday-Blitz-September-12-2023"]
[Site "Chess.com"]
[Date "2023.09.12"]
[Round "3"]
[White "robertoalejandro10"]
[Black "canary2016"]
[Result "1-0"]
[WhiteElo "2511"]
[BlackElo "2102"]
[TimeControl "180+1"]
[EndTime "14:26:39 PDT"]
[Termination "robertoalejandro10 won on time"]

1. Nf3 Nf6 2. b3 g6 3. Bb2 Bg7 4. c4 O-O 5. g3 d5 6. Bg2 c5 7. cxd5 Nxd5 8. Bxg7 Kxg7 9. O-O Nc6 10. Qc1 b6 11. d4 Nxd4 12. Nxd4 cxd4 13. Qb2 Rb8 14. Qxd4+ Nf6 15. Qb2 Ba6 16. Nc3 Qc7 17.
Nd5 Qd6 18. Rfd1 Rfd8 19. h3 Bb7 20. e4 Bxd5 21. Rxd5 Qc7 22. Rc1 Qb7 23. Rxd8 Rxd8 24. e5 Nd5 25. e6+ f6 26. Rd1 Rd6 27. Qd2 Qc8 28.
Bxd5 Qc5 29. Qd4 Qc2 30. Rd2 Qc1+ 31. Kg2 Qb1 32. Qe3 Qc1 33. Rd3 Qc2 34. Bc4 Qb1 35. Rxd6 1-0

[Event "Late-Titled-Tuesday-Blitz-September-12-2023"]
[Site "Chess.com"]
[Date "2023.09.12"]
[Round "3"]
[White "kai_nov"]
[Black "chosenpr"]
[Result "1-0"]
[WhiteElo "2241"]
[BlackElo "2386"]
[TimeControl "180+1"]
[EndTime "14:26:39 PDT"]
[Termination "kai_nov won on time"]

1. d4 Nf6 2. c4 e6 3. Nc3 Bb4 4. f3 d5 5. a3 Bxc3+ 6. bxc3 O-O 7. e3 c5 8. cxd5 exd5 9. Bd3 Nc6 10. Ne2 Re8 11. O-O b6 12. Ng3 Qe7 13. Ra2 h5 14. Re2 h4 15. Nh1 Qd6 16. Nf2 Bd7 17. Bb2 Nh5 18.
Bb1 Qh6 19. dxc5 Ng3 20. hxg3 hxg3 21. Nh3 Bxh3 22. gxh3 Qxh3 23. Qxd5 Ne7 24. Qd4 Rad8 25. Qg4 Qh6 26. cxb6 axb6 27. c4 Rd6 28. Qxg3 f6 29.
f4 Red8 30. Rh2 1-0

[Event "Late-Titled-Tuesday-Blitz-September-12-2023"]
[Site "Chess.com"]
[Date "2023.09.12"]
[Round "3"]
[White "ChessSwole"]
[Black "zverr1"]
[Result "1-0"]
[WhiteElo "2703"]
[BlackElo "2471"]
[TimeControl "180+1"]
[EndTime "14:26:40 PDT"]
[Termination "ChessSwole won by checkmate"]

1. d4 Nf6 2. c4 g6 3. Nc3 d5 4.
Nf3 Bg7 5. h4 O-O 6. h5 dxc4 7.
hxg6 hxg6 8. e4 c5 9. d5 b5 10.
e5 Ng4 11. Bf4 Nd7 12. Qe2 Nb6 13. O-O-O b4 14. Ne4 Nxd5 15. Qxc4 Be6 16. Neg5 Nxf2 17. Be2 Nxh1 18. Rxh1 Qa5 19. Nxe6 fxe6 20. Bd2 Rad8 21. Qg4 Qxa2 22. Qxe6+ Rf7 23. Ng5 Qa1+ 24. Kc2 b3+ 25. Kxb3 Rb8+ 26. Kc4 Qa4+ 27. Kxc5 Rf8 28. Qxg6 Rf5 29.
Rh8+ Kxh8 30. Qh7# 1-0

[Event "Late-Titled-Tuesday-Blitz-September-12-2023"]
[Site "Chess.com"]
[Date "2023.09.12"]
[Round "3"]
[White "picturesquecheck"]
[Black "noblerone"]
[Result "1-0"]
[WhiteElo "2336"]
[BlackElo "2512"]
[TimeControl "180+1"]
[EndTime "14:26:41 PDT"]
[Termination "picturesquecheck won by checkmate"]

1. Nf3 d5 2. d4 Nf6 3. c4 c6 4. Nc3 dxc4 5. a4 Bf5 6. e3 e6 7. Bxc4 Bb4 8. O-O O-O 9. Bd2 a5 10. Re1 Bg4 11. h3 Bh5 12. Be2 Nbd7 13. Qc2 Rc8 14.
e4 c5 15. d5 exd5 16. Nxd5 Nxd5 17. exd5 Bg6 18. Bd3 Nb6 19. Bxg6 hxg6 20. Rad1 Qd7 21. d6 Qxa4 22. Qxa4 Nxa4 23. Bxb4 axb4 24. Rd5 b6 25. d7 Rcd8 26. Ne5 c4 27. Nc6 Rxd7 28. Rxd7 c3 29. Re4 g5 30. bxc3 Nc5 31. Red4 Nxd7 32.
Rxd7 bxc3 33. Rc7 Re8 34. Ne7+ Kf8 35. Nd5 Rd8 36. Nxb6 Rd1+ 37. Kh2 Rc1 38. Nd5 c2 39. Rc8# 1-0

[Event "Late-Titled-Tuesday-Blitz-September-12-2023"]
[Site "Chess.com"]
[Date "2023.09.12"]
[Round "3"]
[White "Alex_Banzea"]
[Black "BogdanDeac"]
[Result "0-1"]
[WhiteElo "2640"]
[BlackElo "2941"]
[TimeControl "180+1"]
[EndTime "14:26:42 PDT"]
[Termination "BogdanDeac won by resignation"]

1. d4 f5 2. Bf4 Nf6 3. e3 d6 4. Nf3 g6 5. Be2 Bg7 6. h3 O-O 7. O-O Qe8 8. c4 Nc6 9. Nc3 e5 10. Bh2 h6 11. c5 Qe7 12. Rc1 Kh7 13. cxd6 cxd6 14. dxe5 dxe5 15. Bb5 Rd8 16. Qa4 Bd7 17. Qa3 Qxa3 18. bxa3 e4 19. Bxc6 bxc6 20. Ne5 Be8 21. Rfd1 Rac8 22. Na4 Rxd1+ 23. Rxd1 c5 24. Nb2 Nd7 25.
Nxd7 Bxb2 26. Be5 Bxe5 27. Nxe5 c4 28. Kf1 c3 29. Ke1 c2 30. Rc1 Kg7 31. f4 Ba4 32.
Kd2 g5 33. g3 Kf6 34. Rg1 Rd8+ 0-1

[Event "Late-Titled-Tuesday-Blitz-September-12-2023"]
[Site "Chess.com"]
[Date "2023.09.12"]
[Round "3"]
[White "Al_Shima"]
[Black "subham777"]
[Result "0-1"]
[WhiteElo "2355"]
[BlackElo "2547"]
[TimeControl "180+1"]
[EndTime "14:26:42 PDT"]
[Termination "subham777 won by checkmate"]

1. b3 d5 2. Bb2 Nf6 3. e3 e6 4. f4 Be7 5. Nf3 O-O 6. Bd3 Ne4 7. O-O c5 8. Ne5 Nc6 9. Nxc6 bxc6 10. Bxe4 dxe4 11.
Nc3 f5 12. Na4 a5 13. c4 Bd7 14. Qc2 Qe8 15. Ba3 Rf6 16. Bxc5 Bxc5 17. Nxc5 Qe7 18. Na4 c5 19. Nc3 Bc6 20. a4 Rd8 21. Nb5 Rh6 22.
Rf2 e5 23. fxe5 Qxe5 24. Qc3 Qxh2+ 25. Kf1 Be8 26. Rxf5 Qh1+ 27. Kf2 Qh4+ 28. Kg1 Qh2+ 29. Kf2 Rg6 30. Rg1 Bd7 31. Rf4 Bh3 32. d4 exd3 33. Qd2 Rxg2+ 34. Rxg2 Qxg2+ 35. Ke1 Qg1+ 36. Rf1 Qxf1# 0-1

[Event "Late-Titled-Tuesday-Blitz-September-12-2023"]
[Site "Chess.com"]
[Date "2023.09.12"]
[Round "3"]
[White "rookoco"]
[Black "Oleksandr_Bortnyk"]
[Result "0-1"]
[WhiteElo "2708"]
[BlackElo "3015"]
[TimeControl "180+1"]
[EndTime "14:26:44 PDT"]
[Termination "Oleksandr_Bortnyk won by resignation"]

1. e4 Nf6 2. d3 e5 3. g3 Bc5 4. Bg2 c6 5. Nf3 d5 6. exd5 O-O 7. O-O Qxd5 8. Nc3 Qe6 9. Re1 Nbd7 10. d4 Bb6 11. Nxe5 Nxe5 12. Rxe5 Qd6 13. Ne4 Qxd4 14. Nxf6+ gxf6 15. Qxd4 Bxd4 16. Re4 Rd8 17. Bh6 Bf5 18. Re2 Bxb2 19. Rb1 Be5 20. h3 Rd7 21. f4 Bd4+ 22. Kh2 Be6 23. g4 Bxa2 24. Rd1 Rdd8 25. c3 Bxc3 26. Rxd8+ Rxd8 27. Rxa2 a5 28. Ra3 Bb4 29. Re3 a4 30. Re4 c5 31. Bf1 a3 32.
Bc4 b5 33. Ba2 c4 34. f5 Bd2 35. g5 Bxg5 36. Bxg5 fxg5 37. Bxc4 bxc4 38. Rxc4 Ra8 0-1

[Event "Late-Titled-Tuesday-Blitz-September-12-2023"]
[Site "Chess.com"]
[Date "2023.09.12"]
[Round "3"]
[White "rasmussvane"]
[Black "Korchmar_Vasiliy"]
[Result "1-0"]
[WhiteElo "2989"]
[BlackElo "2695"]
[TimeControl "180+1"]
[EndTime "14:26:44 PDT"]
[Termination "rasmussvane won on time"]

1. Nf3 d5 2. g3 g6 3. Bg2 Bg7 4.
d4 Nf6 5. O-O c6 6. a4 O-O 7. a5 Bf5 8. Nbd2 Qc8 9. c4 Bh3 10.
b3 Bxg2 11. Kxg2 Nbd7 12. Ba3 Re8 13. cxd5 Nxd5 14. e4 Nc3 15. Qc2 Nb5 16. Bb2 a6 17. Nc4 Qc7 18. Rfd1 Rad8 19. Rac1 Nf8 20. Qe2 Ne6 21.
d5 Nc5 22. Bxg7 Kxg7 23. b4 Nd7 24. Qb2+ Kg8 25. Nce5 Nf6 26. dxc6 Rxd1 27. Rxd1 bxc6 28. Ng5 Nd6 29. Qe2 h6 30. Ngf3 Qb7 31. Rd4 Rc8 32. Nd3 Qb5 33. Qe3 Kg7 34. Nc5 Ng4 35. Qc3 1-0

[Event "Late-Titled-Tuesday-Blitz-September-12-2023"]
[Site "Chess.com"]
[Date "2023.09.12"]
[Round "3"]
[White "Mikasinski"]
[Black "kreonx"]
[Result "1-0"]
[WhiteElo "2658"]
[BlackElo "2456"]
[TimeControl "180+1"]
[EndTime "14:26:45 PDT"]
[Termination "Mikasinski won by resignation"]

1. e4 c6 2. d4 d5 3. e5 c5 4.
dxc5 e6 5. Nf3 Nd7 6. Bd3 Nxc5 7. O-O Nxd3 8. Qxd3 Ne7 9. c4 dxc4 10. Qxc4 Nd5 11.
Rd1 Bd7 12. Qb3 Bc6 13. Nd4 Bc5 14. Nc3 Qb6 15. Be3 Qxb3 16. Nxb3 Bxe3 17. fxe3 Nxe3 18. Rd2 Nc4 19. Re2 O-O-O 20. Rc1 Kb8 21. h3 Rc8 22. Nd4 Rhd8 23. Nxc6+ Rxc6 24. Rf1 Rd7 25. Ne4 Nxe5 26.
Ng5 f6 27. Nxh7 Rc8 28. Nf8 Rxf8 29. Rxe5 Rd6 30. h4 Rh8 31. Re4 Rc8 32. Rf2 Rc1+ 33. Kh2 Rcd1 34. Rfe2 e5 35. Rg4 Rd7 36. h5 Ra1 37. a3 Rad1 38. Kg3 R1d3+ 39. Kh2 a6 40. Rf2 R3d6 41. Kg3 Rd3+ 42. Kh4 R3d4 43. Rf3 Rxg4+ 44. Kxg4 Rd4+ 45. Kf5 Rh4 46. g4 Kc7 47. Rg3 Kd6 48. Kg6 e4 49. Kxg7 Ke5 50. h6 Kf4 51.
Rg1 e3 52. h7 e2 53. h8=Q Rxh8 54. Kxh8 f5 55. gxf5 Kxf5 56. Re1 Ke4 57. Rxe2+ Kd3 58.
Rh2 1-0

[Event "Late-Titled-Tuesday-Blitz-September-12-2023"]
[Site "Chess.com"]
[Date "2023.09.12"]
[Round "3"]
[White "Inepton_Fermion"]
[Black "miraitrunks"]
[Result "1-0"]
[WhiteElo "2359"]
[BlackElo "2110"]
[TimeControl "180+1"]
[EndTime "14:26:45 PDT"]
[Termination "Inepton_Fermion won by resignation"]

1. Nf3 d5 2. b3 Nf6 3. Bb2 g6 4.
c4 dxc4 5. bxc4 Bg7 6. g3 O-O 7.
Bg2 Nc6 8. O-O Rb8 9. d4 Bf5 10. e3 Nb4 11. Nh4 Bc2 12. Qd2 a5 13. a3 Bxb1 14.
axb4 Be4 15. Rxa5 Bxg2 16. Nxg2 Qd6 17. b5 c5 18. Ba3 b6 19. Ra6 Qd7 20. Rd1 Ne4 21.
Qc2 Qf5 22. Nh4 Qe6 23. d5 Qe5 24. f4 Qc3 25. Qxe4 Ra8 26. Qd3 Qf6 27. Rb1 Rxa6 28.
bxa6 Ra8 29. Bb2 Qd6 30. Bxg7 Kxg7 31. Ra1 e6 32. Nf3 exd5 33. Qxd5 Qf6 34. Ne5 Rd8 35. a7 Rxd5 36. cxd5 Qf5 37. a8=Q Qe4 38. Re1 1-0

[Event "Late-Titled-Tuesday-Blitz-September-12-2023"]
[Site "Chess.com"]
[Date "2023.09.12"]
[Round "3"]
[White "Abund"]
[Black "LevonAronian"]
[Result "0-1"]
[WhiteElo "2741"]
[BlackElo "3068"]
[TimeControl "180+1"]
[EndTime "14:26:46 PDT"]
[Termination "LevonAronian won on time"]

1. e4 c5 2. Nf3 e6 3. c3 d5 4. exd5 Qxd5 5. d4 Nf6 6. Na3 Nc6 7. Be3 cxd4 8. Nb5 Qd7 9. Nbxd4 Bd6 10. Nxc6 bxc6 11.
Bd3 Qc7 12. Qe2 c5 13. Bb5+ Ke7 14. O-O Bb7 15. h3 Rab8 16. Bc4 Bxf3 17. Qxf3 Rxb2 18. Bb3 c4 19. Bc1 Rxb3 20. axb3 cxb3 21. Be3 a5 22. Rfb1 Rb8 23. Qd1 Nd5 24. Rxb3 Nxc3 25. Rxc3 Qxc3 26. Bd2 Qe5 27. g3 Rb5 28. Bf4 Qd5 29.
Bxd6+ Qxd6 30. Qc2 g6 31. Rd1 Rc5 32. Qb1 Qc7 33.
Qb2 h5 34. h4 e5 35. Qa3 Kf6 36. Qf3+ Kg7 37. Qe3 a4 38. Ra1 Ra5 39. Ra3 Qa7 40. Qf3 Qc5 41. Qd3 e4 42. Qe3 Qxe3 43.
fxe3 Kf6 44. Kf2 Kf5 45. Ke2 Kg4 46. Kf2 Kh3 47. Ra1 a3 48. Rh1+ Kg4 49. Rf1 Rf5+ 0-1

[Event "Late-Titled-Tuesday-Blitz-September-12-2023"]
[Site "Chess.com"]
[Date "2023.09.12"]
[Round "3"]
[White "Igor_Lysyj"]
[Black "Manukyan_Artak"]
[Result "1-0"]
[WhiteElo "2851"]
[BlackElo "2527"]
[TimeControl "180+1"]
[EndTime "14:26:46 PDT"]
[Termination "Igor_Lysyj won on time"]

1. d4 d5 2. c4 dxc4 3. Nf3 Nf6 4. e3 e6 5. Bxc4 a6 6. O-O c5 7. Nc3 b5 8. Be2 Bb7 9. dxc5 Bxc5 10. Qxd8+ Kxd8 11. Nd2 Ke7 12. Nb3 Ba7 13. Na5 Bd5 14. a4 b4 15. Nxd5+ Nxd5 16. Bd2 Bb6 17. Nc4 Bc5 18. Rac1 Nd7 19. Na5 Rhc8 20. Rc2 Bd6 21. Rfc1 Rxc2 22. Rxc2 N7b6 23. Nc6+ Kd7 24. a5 Na4 25. Nd4 Nc5 26.
Bf3 Nb7 27. e4 e5 28. Bg4+ Ke8 29. Nf5 Nf4 30. Nxg7+ Kf8 31. Nf5 Bc5 32. g3 Nd3 33. Bh6+ Kg8 34. Kg2 Nxa5 35. Be2 b3 36. Rd2 1-0

[Event "Late-Titled-Tuesday-Blitz-September-12-2023"]
[Site "Chess.com"]
[Date "2023.09.12"]
[Round "3"]
[White "NovikovaGalina"]
[Black "oskariot"]
[Result "0-1"]
[WhiteElo "2430"]
[BlackElo "2690"]
[TimeControl "180+1"]
[EndTime "14:26:47 PDT"]
[Termination "oskariot won by checkmate"]

1. e4 c5 2. Nf3 e6 3. b4 cxb4 4. a3 bxa3 5. Nxa3 Nf6 6. e5 Nd5 7. c3 d6 8. Nb5 dxe5 9. Nxe5 Nc6 10. d4 Nxe5 11. dxe5 Bc5 12. Bd3 O-O 13. O-O Bd7 14.
Nd6 Bc6 15. Qh5 g6 16. Qh6 Bxd6 17. exd6 Qxd6 18. Ba3 Qf4 19. Bxf8 Rxf8 20. Qh3 Qf6 21. Be4 a6 22. c4 Ne7 23. Bxc6 Nxc6 24. Rab1 Rb8 25. Qg3 e5 26. h4 Nd4 27. Rfe1 Nc6 28. h5 Kg7 29. Rb6 Qf5 30. hxg6 hxg6 31. Reb1 Nd4 32.
Qe3 Rh8 33. Rxb7 Rh4 34. g3 Nf3+ 35. Kf1 Rh1+ 36. Ke2 Nd4+ 37. Kd2 Qc2# 0-1

[Event "Late-Titled-Tuesday-Blitz-September-12-2023"]
[Site "Chess.com"]
[Date "2023.09.12"]
[Round "3"]
[White "malakismayil"]
[Black "AlejandroBalde"]
[Result "1-0"]
[WhiteElo "2506"]
[BlackElo "1994"]
[TimeControl "180+1"]
[EndTime "14:26:47 PDT"]
[Termination "malakismayil won by resignation"]

1. e4 c5 2. Nf3 Nc6 3. d4 cxd4 4. Nxd4 e5 5. Nxc6 bxc6 6. Bc4 Nf6 7. Qe2 Bc5 8. O-O O-O 9. Nc3 d5 10. exd5 cxd5 11. Bb3 d4 12. Ne4 Nxe4 13. Qxe4 Rb8 14.
Qxe5 Bd6 15. Qh5 Qf6 16. Bg5 Qf5 17. Qh4 Ba6 18. Rfe1 d3 19. cxd3 Bxd3 20. Rad1 Rb4 21. Qh5 Rg4 22. Rxd3 Rxg5 23. Qf3 Qg6 24. g3 Rf5 25. Qe2 Bc5 26. Rf3 Rh5 27. Qe4 Qh6 28. Bxf7+ Kh8 29. Bxh5 1-0

[Event "Late-Titled-Tuesday-Blitz-September-12-2023"]
[Site "Chess.com"]
[Date "2023.09.12"]
[Round "3"]
[White "Mariia89"]
[Black "RCone"]
[Result "0-1"]
[WhiteElo "2010"]
[BlackElo "2339"]
[TimeControl "180+1"]
[EndTime "14:26:47 PDT"]
[Termination "RCone won on time"]

1. d4 d6 2. c4 Nf6 3. Nc3 g6 4.
e4 Bg7 5. Nf3 O-O 6. Be2 Na6 7.
O-O e5 8. Re1 Qe8 9. Bf1 Bg4 10.
d5 Nb4 11. a3 Bxf3 12. Qxf3 Nc2 13. Rb1 Nxe1 14. Qe2 Nxg2 15. Bxg2 Nh5 16. b4 Nf4 17.
Qg4 Qc8 18. Qg3 a5 19. c5 axb4 20. axb4 f5 21. Nb5 Nxg2 22. Qxg2 fxe4 23. Qxe4 Qd7 24. Nc3 Qh3 25. Be3 Bh6 26. Bxh6 Qxh6 27. Ne2 Qg5+ 28. Ng3 Rf4 29. Qc2 Raf8 30. Rf1 h5 31. Kh1 h4 32. Ne4 Qf5 33. cxd6 cxd6 34. Re1 h3 35. Re3 Rf3 36. Qd3 Rxe3 37. Qxe3 Qg4 0-1

[Event "Late-Titled-Tuesday-Blitz-September-12-2023"]
[Site "Chess.com"]
[Date "2023.09.12"]
[Round "3"]
[White "GlavkonVVS"]
[Black "ARTHURMOTIVATOR"]
[Result "1-0"]
[WhiteElo "2584"]
[BlackElo "2396"]
[TimeControl "180+1"]
[EndTime "14:26:48 PDT"]
[Termination "GlavkonVVS won by resignation"]

1. c4 e5 2. Nc3 Bb4 3. g3 Bxc3 4. bxc3 d6 5. Bg2 Nc6 6. d3 f5 7. f4 Nf6 8. Nf3 O-O 9. O-O Qe7 10. Rb1 e4 11.
Nd4 Nxd4 12. cxd4 c6 13. Ba3 Re8 14. Re1 e3 15. Bf3 h6 16. Qb3 g5 17. fxg5 hxg5 18. Qb4 Rd8 19. d5 c5 20. Qc3 Nd7 21. d4 b6 22. Bb2 Qh7 23. Qxe3 f4 24. gxf4 Nf8 25. dxc5 Bf5 26. Rbd1 Re8 27. Qf2 g4 28. Bg2 Be4 29. Qg3 Qf5 30. h3 Ng6 31. e3 Qxf4 32. exf4 Bxg2 33.
Qxg2 1-0

[Event "Late-Titled-Tuesday-Blitz-September-12-2023"]
[Site "Chess.com"]
[Date "2023.09.12"]
[Round "3"]
[White "baki83"]
[Black "Hikaru"]
[Result "1-0"]
[WhiteElo "2828"]
[BlackElo "3205"]
[TimeControl "180+1"]
[EndTime "14:26:49 PDT"]
[Termination "baki83 won by checkmate"]

1. e4 c6 2. Nf3 d5 3. d3 Bg4 4.
Nbd2 Nd7 5. h3 Bh5 6. g4 Bg6 7. e5 e6 8. Bg2 c5 9. O-O Ne7 10.
Re1 Nc6 11. Nf1 Qc7 12. Bf4 h5 13. Qd2 hxg4 14. hxg4 Be7 15. Ng3 O-O-O 16. a3 Kb8 17. b4 cxb4 18. axb4 Bxb4 19. c3 Be7 20. Reb1 Nc5 21.
Bf1 Rh7 22. Nd4 Ka8 23. Nb5 Qb8 24. Nf5 Bf8 25. Nfd4 Nxd4 26. cxd4 Na6 27. Nd6 Bxd6 28. exd6 Qc8 29. Rc1 Qd7 30. Rc7 Qb5 31. Ra5 Qb1 32. Rc1 Qb6 33. d7 Rhh8 34. Qc3 e5 35. Qc8+ Nb8 36.
Bxe5 Qe6 37. Rxa7+ Kxa7 38. Bxb8+ Ka6 39. Ra1+ Kb6 40. Qc5# 1-0

[Event "Late-Titled-Tuesday-Blitz-September-12-2023"]
[Site "Chess.com"]
[Date "2023.09.12"]
[Round "3"]
[White "newyorkmouse"]
[Black "IngOscarArdila"]
[Result "1-0"]
[WhiteElo "2463"]
[BlackElo "2282"]
[TimeControl "180+1"]
[EndTime "14:26:50 PDT"]
[Termination "newyorkmouse won by checkmate"]

1. Nf3 Nf6 2. c4 e6 3. d4 Be7 4. g3 O-O 5. Bg2 c5 6. d5 exd5 7. cxd5 d6 8. O-O Bf5 9. Nc3 a6 10. a4 Nbd7 11. Nd2 Re8 12. h3 h6 13. e4 Bg6 14. f4 Qc7 15. Nc4 Bf8 16. e5 dxe5 17. d6 Qb8 18. f5 Bh7 19. g4 e4 20.
h4 b5 21. axb5 axb5 22. Rxa8 Qxa8 23. Nxb5 Qb7 24. Nc7 Rb8 25. g5 hxg5 26. hxg5 Ne8 27. g6 fxg6 28. fxg6 Bxg6 29. Qg4 Nxd6 30. Nxd6 Bxd6 31.
Qe6+ Kh7 32. Qxd6 Nf6 33. Ne6 Qc8 34. Ng5+ Kh8 35. Rxf6 gxf6 36. Qxf6+ Kg8 37. Qxg6+ Kf8 38. Qf7# 1-0

[Event "Late-Titled-Tuesday-Blitz-September-12-2023"]
[Site "Chess.com"]
[Date "2023.09.12"]
[Round "3"]
[White "ashookk"]
[Black "MikeSailer"]
[Result "1-0"]
[WhiteElo "2361"]
[BlackElo "2172"]
[TimeControl "180+1"]
[EndTime "14:26:51 PDT"]
[Termination "ashookk won on time"]

1. Nf3 e6 2. c4 f5 3. g3 Nf6 4. Bg2 Be7 5. O-O O-O 6. Nc3 Nc6 7. d4 b6 8. d5 exd5 9. cxd5 Na5 10. Nd4 d6 11. Qd3 g6 12. Bg5 Bd7 13. Bxf6 Bxf6 14. Ne6 Bxe6 15. dxe6 Rb8 16. b4 Nb7 17. Nd5 c5 18. b5 Na5 19. Rad1 c4 20. Nxf6+ Qxf6 21. Qxd6 Rbe8 22. Bd5 Re7 23. Rc1 c3 24. Rfd1 Rfe8 25.
Qb4 Qe5 26. Qxc3 Qxe2 27. Re1 Qg4 28. Qf6 Qh5 29. Rc8 g5 30. Rxe8+ Qxe8 31. Qxf5 1-0

[Event "Late-Titled-Tuesday-Blitz-September-12-2023"]
[Site "Chess.com"]
[Date "2023.09.12"]
[Round "3"]
[White "dretch"]
[Black "Djager97"]
[Result "1-0"]
[WhiteElo "2860"]
[BlackElo "2535"]
[TimeControl "180+1"]
[EndTime "14:26:53 PDT"]
[Termination "dretch won by resignation"]

1. d4 d5 2. c4 e6 3. Nc3 c6 4. e3 Nf6 5. Bd3 Nbd7 6. e4 dxe4 7. Nxe4 c5 8. Nf3 Be7 9. O-O O-O 10. Qc2 h6 11.
Rd1 Qc7 12. Nc3 a6 13. h3 cxd4 14. Nxd4 b6 15. b3 Bb7 16. Bb2 Ne5 17. Bf1 Rad8 18. Qe2 Ng6 19. Qe3 Bc5 20. Na4 e5 21. Qg3 Ne4 22.
Qh2 Nf4 23. Nxc5 Qxc5 24. a3 Nxh3+ 25. Qxh3 exd4 26. b4 Qg5 27. Rxd4 Rxd4 28. Bxd4 Rd8 29. Qe3 Qf5 30. Bxb6 Rd2 31. f3 Ng3 32. Qxd2 Nxf1 33. Rxf1 1-0

[Event "Late-Titled-Tuesday-Blitz-September-12-2023"]
[Site "Chess.com"]
[Date "2023.09.12"]
[Round "3"]
[White "stolencandy13"]
[Black "Schwindle"]
[Result "1-0"]
[WhiteElo "2616"]
[BlackElo "2439"]
[TimeControl "180+1"]
[EndTime "14:26:54 PDT"]
[Termination "stolencandy13 won by resignation"]

1. d4 Nf6 2. Bf4 e6 3. e3 d5 4. Nd2 Bd6 5. Bg3 Nc6 6. Ngf3 Qe7 7. Ne5 O-O 8. c3 Nd7 9. f4 f6 10. Nxc6 bxc6 11. Bd3 e5 12. O-O exd4 13. e4 Nc5 14. Qf3 dxc3 15. bxc3 Nxd3 16. Qxd3 Be6 17. Rae1 Qf7 18. f5 Bd7 19. Bxd6 cxd6 20. exd5 cxd5 21. Nb3 Rfe8 22. Nd4 Re5 23. Qa6 Rae8 24. Rb1 g6 25. Qxa7 Bxf5 26. Rb7 R8e7 27. Rxe7 Rxe7 28. Qb8+ Re8 29.
Qxd6 Be4 30. Qxf6 Qxf6 31. Rxf6 Rb8 32. Nb3 Rc8 33. Nd2 Rxc3 34. Nxe4 dxe4 35. Rf2 e3 36. Rf1 Rc2 37. Ra1 e2 38. Kf2 Rd2 39. Ke1 Rb2 40. a4 Kf7 41. a5 Rb7 42. Kxe2 Ra7 43.
Kf3 Ke6 44. a6 1-0